 Dungeon Crawl Stone Soup version 0.19.5 (webtiles) character file.

121 Azzok the Archer (level 4, -1/36 HPs)
             Began as a Centaur Hunter on May 29, 2017.
             Slain by Azzok's ghost (8 damage)
             ... on level 3 of the Dungeon.
             The game lasted 00:04:47 (2927 turns).

Azzok the Archer (Centaur Hunter)                   Turns: 2927, Time: 00:04:48

Health: -1/36      AC:  5    Str: 15    XL:     4   Next: 77%
Magic:  4/4        EV:  8    Int: 10    God:
Gold:   91         SH:  0    Dex: 10    Spells: 0 memorised, 3 levels left

rFire  . . .     SeeInvis .     b - +0 short sword
rCold  . . .     Gourm    +     m - +0 ring mail
rNeg   . . .     Faith    .     (no shield)
rPois  .         Spirit   .     (no helmet)
rElec  .         Reflect  .     (no cloak)
rCorr  .         Harm     .     (no gloves)
MR     .....                    (no barding)
Stlth  ..........               n - amulet of the gourmand
                                (no ring)
                                (no ring)

@: very quick
A: hooves 3, deformed body, speed 2, tough skin 3
a: no special abilities


You were on level 3 of the Dungeon.
You were completely stuffed.

You visited 1 branch of the dungeon, and saw 3 of its levels.

You collected 91 gold pieces.

Inventory:

Hand Weapons
 a - a +1 shortbow
 b - a +0 short sword (weapon)
Armour
 m - a +0 ring mail (worn)
Jewellery
 n - an amulet of the gourmand (around neck)
Scrolls
 e - 5 scrolls of identify {unknown}
 h - a scroll of remove curse {unknown}
 j - 2 scrolls of enchant weapon {unknown}
 r - a scroll of enchant armour {unknown}
 s - a scroll of fog {unknown}
 u - a scroll of fear {unknown}
 v - a scroll of magic mapping {unknown}
 w - 2 scrolls of teleportation {unknown}
Potions
 g - a potion of invisibility {unknown}
 i - a potion of degeneration {unknown}
 k - a potion of haste {unknown}
 l - a potion of curing {unknown}
 o - a potion of agility {unknown}
 p - a potion of magic {unknown}
 t - a potion of heal wounds {unknown}
Comestibles
 c - a slice of pizza
 f - 4 bread rations {@e1}
 q - a meat ration {@e2}
 x - 3 chunks of flesh {@w0}


   Skills:
 - Level 2.0 Fighting
 * Level 8.1 Bows
 - Level 1.3 Dodging
 - Level 0.4 Stealth


You had 3 spell levels left.
You didn't know any spells.

Dungeon Overview and Level Annotations

Branches:
Dungeon (3/15)

Altars:
Makhleb

Annotations:
D:3 Azzok's ghost, amateur CeHu


Innate Abilities, Weirdness & Mutations

You have hooves in place of feet.
Armour fits poorly on your strangely shaped body.
You cover ground very quickly.
You have extremely tough skin. (AC +3)


Message History

b - a +0 short sword (weapon)
Azzok's ghost hits you.
You take 1 damage, and have 13/36 hp.
Your ring mail prevents you from hitting Azzok's ghost.
You kick Azzok's ghost, but do no damage.
Azzok's ghost is almost destroyed.
Azzok's ghost hits you but does no damage.
You hit Azzok's ghost.
Azzok's ghost is almost destroyed.
Azzok's ghost hits you but does no damage.
You hit Azzok's ghost but do no damage.
Azzok's ghost is almost destroyed.
Azzok's ghost hits you!
* * * LOW HITPOINT WARNING * * *
You take 7 damage, and have 7/36 hp.
You hit Azzok's ghost but do no damage. You kick Azzok's ghost.
Azzok's ghost is almost destroyed.
You feel something passing dangerously close to your head.
Azzok's ghost hits you!
You die...

8(8····
···· ·▒
▒h·▒▒·▒
▒h▒▒··▒
▒h▒▒·▒
▒r▒▒·▒
▒h▒▒·▒
▒W▒▒)▒
▒@▒··▒
▒·▒·▒▒
▒···▒
▒··▒▒
▒▒··▒▒
▒··÷·▒
▒····▒
▒▒·<·▒
▒·▒▒▒


You could see Azzok's ghost, 4 jackals and a rat.

Vanquished Creatures
  An orc priest (D:3)
  2 adders
  A dart slug (D:1)
  4 leopard geckos
  8 orcs
  A ball python (D:1)
  3 giant cockroaches
  7 goblins
  9 hobgoblins
  2 jackals (D:3)
  6 kobolds
  A quokka (D:2)
  3 bats
  5 frilled lizards
  3 rats
56 creatures vanquished.

Notes
Turn   | Place    | Note
-------+----------+-------------------------------------------
     0 | D:1      | Azzok the Centaur Hunter began the quest for the Orb.
     0 | D:1      | Reached XP level 1. HP: 17/17 MP: 1/1
   179 | D:1      | Reached XP level 2. HP: 24/24 MP: 2/2
   359 | D:1      | Reached skill level 6 in Bows
  1284 | D:1      | Reached XP level 3. HP: 20/29 MP: 3/3
  1536 | D:2      | Found a burning altar of Makhleb.
  1536 | D:2      | Noticed a cacodemon
  1655 | D:2      | Reached skill level 7 in Bows
  1817 | D:3      | Noticed Azzok's ghost (amateur CeHu)
  2374 | D:2      | Reached XP level 4. HP: 13/36 MP: 4/4
  2794 | D:3      | Reached skill level 8 in Bows
  2927 | D:3      | Slain by Azzok's ghost

Skill      XL: |  1  2  3  4 |
---------------+-------------+-----
Bows           | 6 7 8 |  8.1
Fighting       | |  2.0
Dodging        | |  1.3
Stealth        | |  0.4

Action                   |  1- 3 |  4- 6 || total
-------------------------+-------+-------++-------
Melee: Short sword       |   144 |    17 ||   161
       Kick              |    30 |     3 ||    33
 Fire: Shortbow          |     8 |    35 ||    43
  Eat: Chunk             |    15 |     2 ||    17
Armor: Leather armour    |    13 |       ||    13
       Ring mail         |    35 |    10 ||    45
Dodge: Dodged            |    79 |     8 ||    87
